 Dungeon Crawl Stone Soup version 0.29-a0-878-g7b45a56547 (webtiles) character file.

Game seed: 14412359747141187477

15949 Gargoyl the Basher (level 12, -1/77 HPs)
             Began as a Gargoyle Berserker on July 20, 2022.
             Was an Elder of Trog.
             Slain by a molten gargoyle
             ... wielding a +0 mace
              (13 damage)
             ... in a volcano.
             The game lasted 00:15:22 (9177 turns).

Gargoyl the Basher (Gargoyle Berserker)             Turns: 9177, Time: 00:15:24

Health: -1/77      AC: 25    Str: 21    XL:     12   Next: 32%
Magic:  12/12      EV: 14    Int:  9    God:    Trog [****..]
Gold:   564        SH:  0    Dex: 13    Spells: 11/11 levels left

rFire   . . .      SeeInvis +   k - +1 flail (venom)
rCold   . . .      Faith    .   (no shield)
rNeg    + + .      Spirit   .   F - +5 robe of Night {Dark Will+ SInv}
rPois   ∞          Reflect  .   B - +2 hat {SInv}
rElec   +          Harm     .   r - +0 cloak
rCorr   .          Rampage  .   l - +0 pair of gloves
Will    +....                   n - +0 pair of boots
Stlth   ++........              j - amulet of regeneration
HPRegen 1.02/turn               c - +4 ring of protection
MPRegen 0.13/turn               i - ring of positive energy

@: very slow
A: sickness immunity, AC +8, negative energy resistance 1, electricity
resistance, torment resistance 1, petrification resistance
a: Renounce Religion, Berserk, Trog's Hand, Brothers in Arms


You were in a volcano.
You worshipped Trog.
Trog was greatly pleased with you.
You visited 2 branches of the dungeon, and saw 11 of its levels.
You also visited: Volcano.

You collected 564 gold pieces.

Inventory:

Hand Weapons
 e - a +6 war axe
 k - a +1 flail of venom (weapon)
 y - a +2 scimitar of flaming
 A - a +2 spear of venom
 H - a +3 hand axe of freezing
 I - a +5 war axe
Missiles
 a - a throwing net
 u - 47 poisoned darts (quivered)
Armour
 l - a +0 pair of gloves (worn)
 m - the +1 leather armour "Hyepych" {Int-4 Dex+5}
   (You took it off an orc on level 3 of the Dungeon)

   Int:       It affects your intelligence (-4).
   Dex:       It affects your dexterity (+5).
 n - a +0 pair of boots (worn)
 r - a +0 cloak (worn)
 B - a +2 hat of see invisible (worn)
 C - a +2 chain mail of fire resistance
 F - the +5 robe of Night (worn) {Dark Will+ SInv}
   (You found it on level 10 of the Dungeon)

   It shrouds the wearer in darkness, reducing the range at which they can see
   and be seen by others.
   SInv:      It lets you see invisible.
   Will:      It increases your willpower.
Jewellery
 c - a +4 ring of protection (left hand)
 i - a ring of positive energy (right hand)
 j - an amulet of regeneration (around neck)
 D - a ring of protection from cold
Wands
 g - a wand of polymorph (10)
 q - a wand of iceblast (6)
 x - a wand of flame (22)
Scrolls
 h - 5 scrolls of teleportation
 w - 6 scrolls of identify
 E - 2 scrolls of summoning
Potions
 b - 3 potions of haste
 d - a potion of might {unknown}
 f - a potion of cancellation
 o - 3 potions of invisibility
 p - a potion of curing
 s - a potion of magic
 v - a potion of attraction {unknown}
 z - a potion of flight {unknown}


   Skills:
 + Level 10.2 Fighting
 + Level 9.5(11.6) Axes
 + Level 11.5(13.1) Maces & Flails
 + Level 0.9(6.0) Polearms
 + Level 0.9 Throwing
 + Level 4.8 Armour
 + Level 6.1 Dodging
 + Level 5.2 Stealth


You had 11 spell levels left.
You didn't know any spells.
Your spell library was empty.

Dungeon Overview and Level Annotations

Branches:
Dungeon (10/15)            Temple (0/1) D:7            Lair (1/5) D:10
    Orc (0/2) D:9         Volcano (1/1)

Altars:
Ashenzari
Elyvilon
Gozag
Nemelex Xobeh
Sif Muna
Trog
Vehumet
Wu Jian
Xom
The Shining One

Shops:
D:4 *


Innate Abilities, Weirdness & Mutations

You are immune to sickness and miasma.
Your stone body is resilient. (AC +8)
You are immune to poison.
You resist negative energy. (rN+)
You are resistant to electric shocks. (rElec)
You are resistant to unholy torment.
You are immune to petrification.


Message History

The sticky flame misses you.
You hit the deep elf pyromancer.
The deep elf pyromancer is poisoned.
The deep elf pyromancer is lightly wounded.
You are engulfed in a cloud of scalding steam.
The deep elf pyromancer casts a spell.
The deep elf pyromancer blinks!
The molten gargoyle barely misses you.
The molten gargoyle blasts magma at you!
The bolt of magma hits you!
The molten gargoyle blasts magma at you!
The bolt of magma hits you but does no damage.
You barely miss the molten gargoyle.
Unknown command.
Unknown command.
You are engulfed in a cloud of scalding steam.
The molten gargoyle blasts magma at you!
The bolt of magma hits you!!
The deep elf pyromancer mumbles some strange words.
The deep elf pyromancer blinks!
The molten gargoyle hits you with a +0 mace!
You are engulfed in flames!
You feel much better.
You are engulfed in a cloud of scalding steam.
The molten gargoyle hits you with a +0 mace.
You are engulfed in flames!
The molten gargoyle misses you.
As you read the scroll of summoning, it crumbles to dust.
Wisps of shadow whirl around you... The molten gargoyle misses you.
The molten gargoyle hits you with a +0 mace!
* * * LOW HITPOINT WARNING * * *
You are engulfed in flames!
* * * LOW HITPOINT WARNING * * *
Unknown command.
Okay, then.
You feel better.
You are engulfed in a cloud of scalding steam.
The molten gargoyle misses you.
The molten gargoyle hits you with a +0 mace!
* * * LOW HITPOINT WARNING * * *
You are engulfed in flames!
You die...

)# #.##?# #8...8#
.###'##'#########
........(...#
............#
##########''###++##
##....#....##
##...#.#§#E..##
####..#≈≈≈#≈≈≈#E.# #
##....#≈≈≈≈#§§@9##..#
##..§#≈[≈≈≈≈≈≈≈≈9≈≈#
##...#≈≈≈≈≈≈≈#≈§E≈≈≈≈#
#....#≈≈≈≈≈≈≈#≈≈≈≈≈≈≈#
#...#≈≈≈≈≈≈≈##≈§≈≈≈e#..
.#...##§§§§≈#≈§§≈≈##...
#....###≈≈≈##≈≈###. ..
###≈≈#*# .[#≈≈###


You could see a deep elf pyromancer (poisoned), 2 molten gargoyles and 3
friendly fire elementals.

Vanquished Creatures
  A centaur warrior (D:10)
  Erica (D:9)
  The ghost of megeza the Trooper, a novice OgBe of Trog (D:6)
  A salamander mystic (Volcano)
  A wizard (Volcano)
  Pikel (D:5)
  2 cyclopes (Volcano)
  Joseph (D:7)
  2 gargoyles (Volcano)
  A torpor snail (Lair:1)
  A kobold demonologist (D:10)
  A komodo dragon (D:10)
  3 trolls
  A slime creature (D:6)
  9 dream sheep
  Sigmund (D:4)
  2 shadows (D:10)
  A wraith (D:10)
  A wyvern (D:8)
  8 yaks
  A sky beast (D:8)
  3 orc warriors
  An ice beast (D:7)
  3 centaurs
  4 ogres
  The ghost of tape the Distorting Ant, an amateur FoAK of Lugonu (D:3)
  A lemure (D:5)
  9 kobold brigands
  A phantom (D:4)
  Blork the orc (D:5)
  4 bullfrogs
  6 gnoll sergeants (D:9)
  A necrophage (D:7)
  2 scorpions
  14 wights
  9 killer bees
  A howler monkey (D:4)
  2 hounds
  A jelly (D:6)
  7 orc priests
  3 iguanas
  2 gnoll boudas
  9 orc wizards
  Natasha (thrice) (D:4)
  12 gnolls
  8 adders
  A white imp (D:6)
  A worm (D:2)
  4 dart slugs
  38 orcs
  A ball python (D:1)
  11 endoplasms
  4 giant cockroaches
  5 goblins
  7 hobgoblins
  4 quokkas
  6 bats
  3 frilled lizards
  28 kobolds
  4 rats
266 creatures vanquished.

Vanquished Creatures (collateral kills)
  Gastronok (D:9)
  An orc warrior (D:9)
2 creatures vanquished.

Vanquished Creatures (others)
  An orc wizard (D:6)
  A quokka (D:4)
2 creatures vanquished.

Grand Total: 270 creatures vanquished

Notes
Turn   | Place    | Note
-------+----------+-------------------------------------------
     0 | D:1      | Gargoyl the Gargoyle Berserker began the quest for the Orb.
     0 | D:1      | Reached XP level 1. HP: 14/14 MP: 1/1
    79 | D:1      | Reached XP level 2. HP: 12/19 MP: 2/2
   690 | D:1      | Reached XP level 3. HP: 24/24 MP: 3/3
  1052 | D:2      | Found a faded altar of an unknown god.
  1515 | D:2      | Reached XP level 4. HP: 26/29 MP: 4/4
  1596 | D:2      | Reached ** piety under Trog
  1980 | D:3      | Found a bloodstained altar of Trog.
  2066 | D:3      | Found a radiant altar of Vehumet.
  2235 | D:3      | Identified the +1 leather armour "Hyepych" {Int-4 Dex+5}
  2236 | D:3      | Found a runed translucent gate.
  2237 | D:3      | Found a runed translucent gate.
  2238 | D:3      | Found a runed translucent gate.
  2238 | D:3      | Noticed tape's ghost (amateur FoAK)
  2853 | D:3      | Killed tape's ghost
  2854 | D:3      | Reached skill level 1 in Maces & Flails
  2854 | D:3      | Reached XP level 5. HP: 25/33 MP: 5/5
  2944 | D:4      | Noticed a kobold brigand
  2954 | D:4      | Killed a kobold brigand
  2955 | D:4      | Reached skill level 2 in Maces & Flails
  2955 | D:4      | Reached skill level 1 in Stealth
  2955 | D:4      | Reached XP level 6. HP: 38/39 MP: 6/6
  2971 | D:4      | Found a shimmering altar of Xom.
  3098 | D:4      | Noticed Natasha
  3104 | D:4      | Killed Natasha
  3110 | D:4      | You fall into a shaft and drop 2 floors!
  3133 | D:6      | Found a runed translucent door.
  3133 | D:6      | Noticed megeza's ghost (novice OgBe)
  3135 | D:6      | Noticed a slime creature
  3217 | D:6      | Reached skill level 3 in Maces & Flails
  3236 | D:5      | Entered Level 5 of the Dungeon
  3299 | D:5      | Noticed Pikel
  3318 | D:5      | Killed Pikel
  3319 | D:5      | Reached skill level 5 in Fighting
  3319 | D:5      | Reached skill level 5 in Maces & Flails
  3319 | D:5      | Reached XP level 7. HP: 44/44 MP: 7/7
  3319 | D:5      | Reached XP level 8. HP: 49/49 MP: 8/8
  3446 | D:4      | Found an ornate altar of the Wu Jian Council.
  3452 | D:4      | Reached skill level 6 in Maces & Flails
  3511 | D:4      | Found a white marble altar of Elyvilon.
  3677 | D:4      | Found Uggoc's Assorted Antiques.
  3704 | D:4      | Reached *** piety under Trog
  3756 | D:4      | Noticed Sigmund
  3769 | D:4      | Killed Sigmund
  3770 | D:4      | Reached skill level 7 in Maces & Flails
  3826 | D:4      | Noticed Natasha
  3835 | D:4      | Killed Natasha
  3893 | D:4      | Noticed Natasha
  3901 | D:4      | Killed Natasha
  4139 | D:5      | Found a sparkling altar of Nemelex Xobeh.
  4233 | D:5      | Noticed Blork the orc
  4255 | D:5      | Killed Blork the orc
  4256 | D:5      | Reached XP level 9. HP: 54/55 MP: 9/9
  4397 | D:6      | Reached skill level 8 in Maces & Flails
  5113 | D:6      | Killed megeza's ghost
  5114 | D:6      | Reached skill level 5 in Axes
  5114 | D:6      | Reached skill level 9 in Maces & Flails
  5224 | D:7      | Reached **** piety under Trog
  5229 | D:7      | Found a staircase to the Ecumenical Temple.
  5397 | D:7      | Reached XP level 10. HP: 63/63 MP: 10/10
  5414 | D:7      | Found a broken altar of Ashenzari.
  5594 | D:7      | Noticed Joseph
  5633 | D:7      | Killed Joseph
  6057 | D:7      | Reached skill level 10 in Maces & Flails
  6871 | D:9      | Noticed Erica
  6887 | D:9      | Killed Erica
  6972 | D:9      | Found a glowing golden altar of the Shining One.
  7040 | D:9      | Reached skill level 5 in Stealth
  7281 | D:9      | Noticed Gastronok
  7309 | D:9      | Killed Gastronok
  7310 | D:9      | Reached XP level 11. HP: 69/69 MP: 11/11
  7328 | D:9      | Found a shimmering blue altar of Sif Muna.
  7740 | D:10     | Entered Level 10 of the Dungeon
  7740 | D:10     | Noticed a centaur warrior
  7750 | D:10     | Killed a centaur warrior
  7786 | D:9      | Found a staircase to the Orcish Mines.
  7825 | D:9      | Reached skill level 11 in Maces & Flails
  7846 | D:9      | Reached skill level 5 in Dodging
  8064 | D:10     | Found a staircase to the Lair.
  8245 | D:10     | Found an opulent altar of Gozag.
  8611 | D:10     | Reached XP level 12. HP: 77/77 MP: 12/12
  8617 | D:10     | Found the +5 robe of Night {Dark Will+ SInv}
  8882 | Lair:1   | Entered Level 1 of the Lair of Beasts
  8938 | Lair:1   | Found a dark tunnel.
  8946 | Volcano  | Entered a volcano
  9048 | Volcano  | Reached skill level 10 in Fighting
  9137 | Volcano  | Noticed an orb of fire
  9177 | Volcano  | Slain by a molten gargoyle

Illustrated notes

Levels and vault maps discovered:
D:1:      co_arrival_square_in_a_square_in_a_square, layout_basic
D:2:      layout_loops_ring, nicolae_ecumenical_pavilion
D:3:      layout_basic, mainiacjoe_overflow_boulevard,
          mainiacjoe_overflow_concentric_impassable, biasface_ghost_orc_armoury,
          uniq_crazy_yiuf_cottage
D:4:      layout_loops_ring, elyvilon_altar_4, mainiacjoe_overflow_catwalk,
          kennysheep_little_box, serial_shops, nicolae_shop_behind_doors,
          chequers_serial_rivers_small_3, uniq_natasha, uniq_sigmund
D:5:      layout_rooms, nemelex_xobeh_ov_fountains_minmay, uniq_blork_the_orc,
          uniq_pikel
D:6:      layout_loops_ring, ebering_ghost_inner_flame
D:7:      layout_basic, mainiacjoe_overflow_surrounded_room,
          minmay_temple_entry_steel_oval, chequers_serial_rivers_small_b,
          uniq_joseph
D:8:      layout_cave_pods, dreamdust_gnoll_shepherd
D:9:      layout_basic, tso_metal_star, kennysheep_orc_sif_temple,
          kennysheep_orc_monster_closet_entryway, uniq_gastronok, uniq_erica
D:10:     layout_rooms, kennysheep_mini, lair_entry_dummy, serial_aquarium,
          aquarium_bridge_square [aquarium_subvault_window,
          aquarium_subvault_wall, aquarium_subvault_balcony,
          aquarium_subvault_bridge], aquarium_bridge_square
          [aquarium_subvault_wall, aquarium_subvault_wall,
          aquarium_subvault_bridge, aquarium_subvault_wall], aquarium_window_2,
          aquarium_window_corridor_3, aquarium_window_fake, aquarium_view_2a,
          hellmonk_guarded_unrand_night
Lair:1:   layout_chaotic_city, enter_volcano_2
Volcano:  hellmonk_zot_springs

Skill      XL: |  1  2  3  4  5  6  7  8  9 10 11 12 |
---------------+-------------------------------------+-----
Axes           | 3 4 5 6 8 9 |  9.5
Fighting       | 4 5 6 7 8 9 10 | 10.2
Dodging        | 2 3 4 5 6 |  6.1
Maces & Flails | 1 2 5 7 9 10 11 | 11.5
Stealth        | 1 2 3 5 |  5.2
Armour         | 3 4 |  4.8
Polearms       | |  0.9
Throwing       | |  0.9

Action                   |  1- 3 |  4- 6 |  7- 9 | 10-12 || total
-------------------------+-------+-------+-------+-------++-------
Melee: Hand axe          |    98 |    42 |       |       ||   140
       Punch             |     1 |     1 |     4 |     6 ||    12
       Flail             |       |    92 |   205 |   278 ||   575
       Spear             |       |       |     4 |       ||     4
       War axe           |       |       |    34 |   203 ||   237
Throw: Dart              |       |       |     6 |       ||     6
Invok: Berserk           |     1 |     1 |       |     1 ||     3
       Trog's Hand       |       |     2 |     1 |     6 ||     9
       Brothers in Arms  |       |       |       |     3 ||     3
  Use: Scroll            |       |     8 |     4 |     6 ||    18
       Potion            |       |       |       |     3 ||     3
 Stab: Sleeping          |       |       |     5 |     5 ||    10
Armor: Animal skin       |    48 |     9 |       |       ||    57
       Ring mail         |       |    33 |       |       ||    33
       Leather armour    |       |    28 |    94 |   252 ||   374
       Skin              |       |       |     6 |       ||     6
       Robe              |       |       |       |    33 ||    33
Dodge: Dodged            |    87 |    77 |   121 |   426 ||   711

Table legend: (Time is in decaauts)
 A = Elapsed time spent in this place.
 B = Non-inter-level travel time spent in this place.
 C = Inter-level travel time spent in this place.
 D = Time resting spent in this place.
 E = Time spent auto-exploring this place.
 F = Levels seen in this place.
 G = Mean time per level.
                   A        B        C        D        E       F      G
               +--------+--------+--------+--------+--------+-----+--------+
         Total |   9272 |   8900 |    372 |     50 |   6282 |  12 |  772.7 |
       Dungeon |   8970 |   8598 |    372 |     22 |   6206 |  10 |  897.0 |
          Lair |     70 |     70 |      0 |      0 |      0 |   1 |   70.0 |
       Volcano |    231 |    231 |      0 |     28 |     75 |   1 |  231.0 |
               +--------+--------+--------+--------+--------+-----+--------+

Top non-repeatable levels by time:
     D:9: 1207 daAuts
     D:3: 1072 daAuts
     D:1: 1072 daAuts
     D:6: 929 daAuts
     D:7: 907 daAuts
    D:10: 875 daAuts
     D:2: 847 daAuts
     D:4: 828 daAuts
     D:8: 746 daAuts
     D:5: 485 daAuts
 Volcano: 231 daAuts
  Lair:1: 70 daAuts
